AoeStats
← b站江条

Arabia

507832204Analyzed
1v1 RM · 12d ago on Sep 19, 2026· 39m 19s· 2 players
Game mode
Random Map
Map size
Tiny (2 player)
Population
200
Speed
Normal
Resources
Standard
Victory
Conquest
Starting age
Dark Age
Ending age
Imperial Age
RankedLock teamsTeams togetherTeam positionsShared explorationLock speedFull tech treeHidden civsTurbo modeCheats
Victory
Defeat
🇨🇳 Maya · China
1430
+14
🇵🇪 Dravidians · Peru
1385
-14
b站江条
0:25 Loom
8:24 Feudal Age
9:04 Double-Bit Axe
14:52 Fletching
18:20 Horse Collar
20:14 Wheelbarrow
23:34 Castle Age
21:51 Padded Archer Armor
22:03 Gold Mining
23:41 Crossbowman
24:28 Bodkin Arrow
24:49 Leather Archer Armor
26:57 Bow Saw
27:02 Heavy Plow
35:21 Imperial Age
33:41 Stone Mining
34:31 Ballistics
35:36 Thumb Ring
35:27 Arbalester
36:43 Bracer
38:52 Guilds
40:13 Hand Cart
RJoat
6:55 Loom
9:14 Feudal Age
10:12 Man-at-Arms
13:55 Fletching
16:48 Padded Archer Armor
21:27 Castle Age
21:30 Crossbowman
22:14 Bodkin Arrow
22:42 Double-Bit Axe
24:39 Leather Archer Armor
25:49 Bow Saw
26:49 Horse Collar
30:02 Ballistics
31:23 Heavy Plow
33:29 Town Watch
34:20 Wheelbarrow
35:26 Stone Mining
38:59 Imperial Age
36:42 Gold Mining
38:44 Thumb Ring
39:02 Arbalester
39:44 Bracer
Connection lost

Rejoining the realm…

Still unreachable

The connection could not be restored.

Session expired

The server has moved on; the page needs a fresh start.